TOP OF THE 1ST |
Kansas City (WIN) Royals batting - Pitching for Asheville Tourists : RHP Logan Ramsey
|
Pitching: RHP Logan Ramsey
|
|
Batting: SHB Ryoji Hiraoka
|
0-0: Foul Ball, location: 2F 0-1: Foul Ball, location: 2F 0-2: Ball 1-2: Ball 2-2: Ball 3-2: Base on Balls
|
Batting: RHB Ken Postlethwaite
|
0-0: Ball Ryoji Hiraoka is caught stealing 2nd base 2-4 1-0: Ball 2-0: Ball 3-0: Called Strike 3-1: Foul Ball, location: 9LSF 3-2: Foul Ball, location: 5FF 3-2: Base on Balls
|
Batting: RHB Kevin Wimberly
|
0-0: Ball 1-0: Called Strike 1-1: Called Strike 1-2: Foul Ball, location: 7LSF 1-2: Ball 2-2: Foul Ball, location: 2F 2-2: Foul Ball, location: 2F 2-2: Foul Ball, location: 9LMFF 2-2: Foul Ball, location: 2F 2-2: Ball 3-2: Foul Ball, location: 9LDF 3-2: Ground out 5-3 (Groundball, 5S, EV 83.1 MPH) Ken Postlethwaite to second
|
Batting: RHB Nick Julien
|
0-0: Swinging Strike 0-1: Fly out, F9 (Flyball, 89D, EV 110.6 MPH)
|
Top of the 1st over - 0 runs, 0 hits, 0 errors, 1 left on base; Kansas City (WIN) 0 - Asheville 0 |
BOTTOM OF THE 1ST |
Asheville Tourists batting - Pitching for Kansas City (WIN) Royals : RHP Matthew Orphan
|
Pitching: RHP Matthew Orphan
|
|
Batting: LHB Nick Martin
|
0-0: Called Strike 0-1: Ground out 5-3 (Groundball, 15, EV 84.4 MPH)
|
Batting: RHB Chris Osting
|
0-0: Ball 1-0: Ground out 6-3 (Groundball, 6, EV 97.5 MPH)
|
Batting: LHB Luke Coulter
|
0-0: Fly out, F6 (Popup, 6D, EV 50.6 MPH)
|
Bottom of the 1st over - 0 runs, 0 hits, 0 errors, 0 left on base; Kansas City (WIN) 0 - Asheville 0 |
TOP OF THE 2ND |
Kansas City (WIN) Royals batting - Pitching for Asheville Tourists : RHP Logan Ramsey
|
Batting: SHB Bill Ertl
|
0-0: Ball 1-0: Ball 2-0: Fly out, F9 (Flyball, 9D, EV 109.4 MPH)
|
Batting: LHB Pablo Serrato
|
0-0: Ball 1-0: Swinging Strike 1-1: Ball 2-1: Foul Ball, location: 2F 2-2: Ground out U3 (Groundball, 3, EV 104.4 MPH)
|
Batting: RHB Edwin Ramos
|
0-0: Ball 1-0: Called Strike 1-1: Ball 2-1: Ground out 3-1 (Groundball, 34, EV 81.9 MPH)
|
Top of the 2nd over - 0 runs, 0 hits, 0 errors, 0 left on base; Kansas City (WIN) 0 - Asheville 0 |
BOTTOM OF THE 2ND |
Asheville Tourists batting - Pitching for Kansas City (WIN) Royals : RHP Matthew Orphan
|
Batting: RHB Wali Mulogo
|
0-0: Ball 1-0: Swinging Strike 1-1: Swinging Strike 1-2: Strikes out swinging
|
Batting: SHB Craig Ruzic
|
0-0: Ball 1-0: DOUBLE (Line Drive, 9LD, EV 100.6 MPH)
|
Batting: LHB Harry Folsom
|
0-0: Ball 1-0: Called Strike 1-1: Ball 2-1: Foul Ball, location: 2F 2-2: Foul Ball, location: 3F 2-2: Strikes out swinging
|
Batting: LHB Jerry Santana
|
0-0: Ball 1-0: Ball 2-0: Ball 3-0: Called Strike 3-1: Swinging Strike 3-2: Foul Ball, location: 3DF 3-2: Foul Ball, location: 2F 3-2: Base on Balls
|
Batting: RHB Manny Thompson
|
0-0: Ball 1-0: Called Strike 1-1: Called Strike 1-2: Ball 2-2: Ball 3-2: Base on Balls Craig Ruzic to third Jerry Santana to second
|
Batting: RHB Bob Hayes
|
0-0: Called Strike 0-1: Fly out, F9 (Flyball, 9D, EV 102.5 MPH)
|
Bottom of the 2nd over - 0 runs, 1 hit, 0 errors, 3 left on base; Kansas City (WIN) 0 - Asheville 0 |
TOP OF THE 3RD |
Kansas City (WIN) Royals batting - Pitching for Asheville Tourists : RHP Logan Ramsey
|
Batting: RHB Justin Goff
|
0-0: Called Strike 0-1: SOLO HOME RUN (Flyball, 7LD, EV 91.9 MPH), Distance : 331 ft
|
Batting: RHB Mike Bearden
|
0-0: DOUBLE (Line Drive, 9LS, EV 108.1 MPH)
|
Batting: SHB Ryoji Hiraoka
|
0-0: Called Strike 0-1: Ball Wild Pitch! Mike Bearden to third 1-1: Swinging Strike 1-2: Ball 2-2: Ball 3-2: Foul Ball, location: 2RF 3-2: Ground out 1-3 (Groundball, 13S, EV 61.9 MPH)
|
Batting: RHB Ken Postlethwaite
|
0-0: Ball 1-0: Ball 2-0: Ball 3-0: Called Strike 3-1: Base on Balls
|
Batting: RHB Kevin Wimberly
|
0-0: Ball 1-0: Swinging Strike 1-1: Ball 2-1: Called Strike 2-2: Foul Ball, location: 2F 2-2: Ball 3-2: Base on Balls Ken Postlethwaite to second
|
Batting: RHB Nick Julien
|
0-0: Fly out, F9 (Flyball, 9, EV 87.5 MPH) Runner from 3rd tags up, SCORES, throw by RF Ken Postlethwaite to third
|
Batting: SHB Bill Ertl
|
0-0: Swinging Strike 0-1: Called Strike 0-2: Ball 1-2: Fly out, F8 (Line Drive, 8RM, EV 97.5 MPH)
|
Top of the 3rd over - 2 runs, 2 hits, 0 errors, 2 left on base; Kansas City (WIN) 2 - Asheville 0 |
BOTTOM OF THE 3RD |
Asheville Tourists batting - Pitching for Kansas City (WIN) Royals : RHP Matthew Orphan
|
Batting: LHB Nick Martin
|
0-0: Ball 1-0: Foul Ball, location: 7LMF 1-1: Ball 2-1: Swinging Strike 2-2: Foul Ball, location: 2F 2-2: Foul Ball, location: 23F 2-2: Ball 3-2: Foul Ball, location: 7LSF 3-2: Strikes out swinging
|
Batting: RHB Chris Osting
|
0-0: Ball 1-0: Foul Ball, location: 2F 1-1: Ground out 5-3 (Groundball, 56, EV 103.8 MPH)
|
Batting: LHB Luke Coulter
|
0-0: Swinging Strike 0-1: Fly out, F7 (Line Drive, 7S, EV 95.0 MPH)
|
Bottom of the 3rd over - 0 runs, 0 hits, 0 errors, 0 left on base; Kansas City (WIN) 2 - Asheville 0 |
TOP OF THE 4TH |
Kansas City (WIN) Royals batting - Pitching for Asheville Tourists : RHP Logan Ramsey
|
Batting: LHB Pablo Serrato
|
0-0: Foul Ball, location: 2F 0-1: Ball 1-1: Ball 2-1: Ball 3-1: Swinging Strike 3-2: Base on Balls
|
Batting: RHB Edwin Ramos
|
0-0: Ball 1-0: Bunted foul 1-1: Sac Bunt to 3S - play at first, batter OUT! 3-4 Pablo Serrato to second
|
Batting: RHB Justin Goff
|
0-0: Foul Ball, location: 2F 0-1: Fly out, F8 (Flyball, 8LS, EV 80.6 MPH)
|
Batting: RHB Mike Bearden
|
0-0: Ball 1-0: Swinging Strike 1-1: Ground out 6-3 (Groundball, 6, EV 83.1 MPH)
|
Top of the 4th over - 0 runs, 0 hits, 0 errors, 1 left on base; Kansas City (WIN) 2 - Asheville 0 |
BOTTOM OF THE 4TH |
Asheville Tourists batting - Pitching for Kansas City (WIN) Royals : RHP Matthew Orphan
|
Batting: RHB Wali Mulogo
|
0-0: Foul Ball, location: 3F 0-1: Swinging Strike 0-2: Ball 1-2: Ball 2-2: Ball 3-2: Foul Ball, location: 3DF 3-2: SINGLE (Groundball, 34D, EV 108.1 MPH)
|
Batting: SHB Craig Ruzic
|
0-0: Ball 1-0: Swinging Strike 1-1: Called Strike 1-2: Ball 2-2: Foul Ball, location: 7LSF 2-2: Fly out, F8 (Line Drive, 8LD, EV 95.0 MPH)
|
Batting: LHB Harry Folsom
|
0-0: Fly out, F8 (Flyball, 89M, EV 94.4 MPH)
|
Batting: LHB Jerry Santana
|
0-0: Ball 1-0: Called Strike 1-1: Ball 2-1: Foul Ball, location: 25F 2-2: Strikes out swinging
|
Bottom of the 4th over - 0 runs, 1 hit, 0 errors, 1 left on base; Kansas City (WIN) 2 - Asheville 0 |
TOP OF THE 5TH |
Kansas City (WIN) Royals batting - Pitching for Asheville Tourists : RHP Logan Ramsey
|
Batting: SHB Ryoji Hiraoka
|
0-0: Ball 1-0: Called Strike 1-1: Fly out, F8 (Flyball, 89M, EV 93.8 MPH)
|
Batting: RHB Ken Postlethwaite
|
0-0: Ball 1-0: Ball 2-0: Ball 3-0: Base on Balls
|
Pitching: RHP Tanner Brazeal
|
|
Batting: RHB Kevin Wimberly
|
0-0: Foul Ball, location: 25FF 0-1: Ball 1-1: Foul Ball, location: 5F 1-2: Strikes out swinging
|
Batting: RHB Nick Julien
|
0-0: Foul Ball, location: 2F 0-1: Ball 1-1: SINGLE (Groundball, 34D, EV 104.4 MPH) Ken Postlethwaite to second Runner from 2nd tries for 3rd, SAFE, throw by RF made to third Nick Julien to second
|
Batting: SHB Bill Ertl
|
0-0: Ball Wild Pitch! Ken Postlethwaite scores Nick Julien to third 1-0: Foul Ball, location: 3F 1-1: Ball 2-1: SINGLE (Line Drive, 56D, EV 106.9 MPH) Nick Julien scores
|
Batting: LHB Pablo Serrato
|
0-0: Ball 1-0: Swinging Strike 1-1: Foul Ball, location: 7LDF 1-2: Strikes out swinging
|
Top of the 5th over - 2 runs, 2 hits, 0 errors, 1 left on base; Kansas City (WIN) 4 - Asheville 0 |
BOTTOM OF THE 5TH |
Asheville Tourists batting - Pitching for Kansas City (WIN) Royals : RHP Matthew Orphan
|
Batting: RHB Manny Thompson
|
0-0: Ball 1-0: Swinging Strike 1-1: Ball 2-1: Ball 3-1: Base on Balls
|
Batting: RHB Bob Hayes
|
0-0: Ball 1-0: Ball 2-0: Swinging Strike 2-1: Foul Ball, location: 2F 2-2: SINGLE (Groundball, P, EV 81.9 MPH) (infield hit) Manny Thompson to second
|
Batting: LHB Nick Martin
|
0-0: Called Strike 0-1: Swinging Strike 0-2: Ball 1-2: Foul Ball, location: 7LDF 1-2: DOUBLE (Line Drive, 78D, EV 101.3 MPH) Manny Thompson scores Bob Hayes to third
|
Batting: RHB Chris Osting
|
0-0: Called Strike 0-1: Ball 1-1: Swinging Strike 1-2: Ball 2-2: Strikes out looking
|
Batting: LHB Luke Coulter
|
0-0: Foul Ball, location: 2RF 0-1: Foul Ball, location: 3DF 0-2: Ball 1-2: Strikes out swinging
|
Batting: RHB Wali Mulogo
|
0-0: Called Strike 0-1: Swinging Strike 0-2: Ball 1-2: Ball Wild Pitch! Bob Hayes scores Nick Martin to third 2-2: DOUBLE (Groundball, 5L, EV 106.3 MPH) Nick Martin scores
|
Batting: SHB Craig Ruzic
|
0-0: Fly out, F5 (Popup, 5F, EV 80.6 MPH)
|
Bottom of the 5th over - 3 runs, 3 hits, 0 errors, 1 left on base; Kansas City (WIN) 4 - Asheville 3 |
TOP OF THE 6TH |
Kansas City (WIN) Royals batting - Pitching for Asheville Tourists : RHP Tanner Brazeal
|
Batting: RHB Edwin Ramos
|
0-0: Ball 1-0: Ground out 6-3 (Groundball, 6MD, EV 100.0 MPH)
|
Batting: RHB Justin Goff
|
0-0: Ball 1-0: Ball 2-0: Fly out, F9 (Line Drive, 9, EV 109.4 MPH)
|
Batting: RHB Mike Bearden
|
0-0: Fly out, F7 (Flyball, 78S, EV 93.8 MPH)
|
Top of the 6th over - 0 runs, 0 hits, 0 errors, 0 left on base; Kansas City (WIN) 4 - Asheville 3 |
BOTTOM OF THE 6TH |
Asheville Tourists batting - Pitching for Kansas City (WIN) Royals : RHP Matthew Orphan
|
Batting: LHB Harry Folsom
|
0-0: Ball 1-0: Ball 2-0: Ball 3-0: Base on Balls
|
Pitching: RHP Gary Ackerman
|
|
Batting: LHB Jerry Santana
|
0-0: Bunted foul 0-1: Sac Bunt to 15 - play at first, batter OUT! 1-3 Harry Folsom to second
|
Batting: RHB Manny Thompson
|
0-0: Foul Ball, location: 2F 0-1: Swinging Strike 0-2: Ball 1-2: Strikes out swinging
|
Pinch Hitting: SHB Jeff Sorrels
|
0-0: Called Strike 0-1: Ball 1-1: SINGLE (Line Drive, 56, EV 100.0 MPH) Harry Folsom to third Runner from 3rd tries for Home, SAFE, throw by LF to home
|
Batting: LHB Nick Martin
|
0-0: Ground out 5-3 (Groundball, 5S, EV 65.6 MPH)
|
Bottom of the 6th over - 1 run, 1 hit, 0 errors, 1 left on base; Kansas City (WIN) 4 - Asheville 4 |
TOP OF THE 7TH |
Kansas City (WIN) Royals batting - Pitching for Asheville Tourists : RHP Tanner Brazeal
|
Now at 3B: Daniel Green
|
|
Batting: SHB Ryoji Hiraoka
|
0-0: Swinging Strike 0-1: Ball 1-1: Swinging Strike 1-2: Foul Ball, location: 7LMF 1-2: Foul Ball, location: 2F 1-2: Foul Ball, location: 2F 1-2: Foul Ball, location: 2F 1-2: Fly out, F4 (Line Drive, 4, EV 68.8 MPH)
|
Batting: RHB Ken Postlethwaite
|
0-0: Ball 1-0: Ball 2-0: Called Strike 2-1: Ball 3-1: Base on Balls
|
Batting: RHB Kevin Wimberly
|
0-0: Called Strike 0-1: Foul Ball, location: 3FF 0-2: Ball 1-2: Ball 2-2: Ball 3-2: Foul Ball, location: 25FF 3-2: Grounds into double play, 6-4-3 (Groundball, 6, EV 95.6 MPH)
|
Top of the 7th over - 0 runs, 0 hits, 0 errors, 0 left on base; Kansas City (WIN) 4 - Asheville 4 |
BOTTOM OF THE 7TH |
Asheville Tourists batting - Pitching for Kansas City (WIN) Royals : RHP Gary Ackerman
|
Batting: RHB Chris Osting
|
0-0: Ball 1-0: SINGLE (Line Drive, 9S, EV 105.6 MPH)
|
Batting: LHB Luke Coulter
|
0-0: Called Strike 0-1: Ball 1-1: Hit by Pitch Chris Osting to second
|
Batting: RHB Wali Mulogo
|
0-0: Ball 1-0: Ball 2-0: Foul Ball, location: 2F 2-1: Ball 3-1: Foul Ball, location: 2F 3-2: Base on Balls Chris Osting to third Luke Coulter to second
|
Batting: SHB Craig Ruzic
|
0-0: Ball 1-0: Ball 2-0: Called Strike 2-1: Ball 3-1: Called Strike 3-2: Foul Ball, location: 7LMF 3-2: Foul Ball, location: 2F 3-2: SINGLE (Groundball, 56, EV 91.3 MPH) Chris Osting scores Luke Coulter to third Wali Mulogo to second Runner from 3rd tries for Home, SAFE, throw by LF to home
|
Batting: LHB Harry Folsom
|
0-0: Foul Ball, location: 2F 0-1: Grounds into double play, 4-6-3 (Groundball, 4, EV 91.9 MPH) Wali Mulogo to third
|
Batting: LHB Jerry Santana
|
0-0: Called Strike 0-1: Foul Ball, location: 5FF 0-2: Ball 1-2: Ball 2-2: Foul Ball, location: 9LMFF 2-2: Strikes out swinging
|
Bottom of the 7th over - 2 runs, 2 hits, 0 errors, 1 left on base; Kansas City (WIN) 4 - Asheville 6 |
TOP OF THE 8TH |
Kansas City (WIN) Royals batting - Pitching for Asheville Tourists : RHP Tanner Brazeal
|
Batting: RHB Nick Julien
|
0-0: Called Strike 0-1: Swinging Strike 0-2: Ground out 6-3 (Groundball, 6, EV 80.6 MPH)
|
Batting: SHB Bill Ertl
|
0-0: Ground out 5-3 (Groundball, 56S, EV 83.1 MPH)
|
Batting: LHB Pablo Serrato
|
0-0: Swinging Strike 0-1: SOLO HOME RUN (Flyball, 7D, EV 95.0 MPH), Distance : 359 ft
|
Batting: RHB Edwin Ramos
|
0-0: Called Strike 0-1: Called Strike 0-2: Strikes out swinging
|
Top of the 8th over - 1 run, 1 hit, 0 errors, 0 left on base; Kansas City (WIN) 5 - Asheville 6 |
BOTTOM OF THE 8TH |
Asheville Tourists batting - Pitching for Kansas City (WIN) Royals : RHP Gary Ackerman
|
Batting: RHB Manny Thompson
|
0-0: Foul Ball, location: 9LDF 0-1: Swinging Strike 0-2: Strikes out looking
|
Batting: LHB Daniel Green
|
0-0: Swinging Strike 0-1: Ball 1-1: Swinging Strike 1-2: Strikes out swinging
|
Batting: LHB Nick Martin
|
0-0: Fly out, F9 (Flyball, 9D, EV 96.3 MPH)
|
Bottom of the 8th over - 0 runs, 0 hits, 0 errors, 0 left on base; Kansas City (WIN) 5 - Asheville 6 |
TOP OF THE 9TH |
Kansas City (WIN) Royals batting - Pitching for Asheville Tourists : RHP Tanner Brazeal
|
Pitching: RHP Lorenzo Pacheco
|
|
Now at 1B: Brad Madden
|
|
Now in LF: Zakhar Edelman
|
|
Batting: RHB Justin Goff
|
0-0: Called Strike 0-1: Ball 1-1: Swinging Strike 1-2: Strikes out looking
|
Pinch Hitting: SHB Mike Williams
|
0-0: SINGLE (Line Drive, 6MD, EV 108.8 MPH)
|
Batting: SHB Ryoji Hiraoka
|
0-0: Fly out, F7 (Flyball, 78D, EV 110.6 MPH)
|
Batting: RHB Ken Postlethwaite
|
0-0: Called Strike 0-1: Ball 1-1: Fly out, F9 (Flyball, 9S, EV 98.8 MPH)
|
Top of the 9th over - 0 runs, 1 hit, 0 errors, 1 left on base; Kansas City (WIN) 5 - Asheville 6 |
|